 Dungeon Crawl Stone Soup version 0.30-a0-465-g8901f6c8b5 (webtiles) character file.

Game seed: 5918689595657404371

129 drugrobin the Insei (level 4, -7/37 HPs)
             Began as a Demigod Delver on Dec 18, 2022.
             Mangled by a water moccasin (8 damage)
             ... in a sewer.
             The game lasted 00:04:04 (682 turns).

drugrobin the Insei (Demigod Delver)                 Turns: 682, Time: 00:04:05

Health: -7/37      AC:  3    Str: 13    XL:     4   Next: 58%
Magic:  6/6        EV: 12    Int: 12    God:
Gold:   38         SH:  0    Dex: 25    Spells: 3/3 levels left

rFire   . . .      SeeInvis .      - Unarmed
rCold   . . .      Faith    .    (no shield)
rNeg    . . .      Spirit   .    a - +0 leather armour
rPois   .          Reflect  .    (no helmet)
rElec   .          Harm     .    (no cloak)
rCorr   +          Rampage  .    (no gloves)
Will    .....                    (no boots)
Stlth   +++.......               (no amulet)
HPRegen 0.26/turn                g - ring "Goqickul" {rCorr Dex+6}
MPRegen 0.10/turn                (no ring)

@: mighty, lethally poisoned (-7 -> -11), hasted, very quick
A: high MP 1, forlorn, divine attributes, wild magic 1
a: no special abilities


You were in a sewer.
You visited 1 branch of the dungeon, and saw 1 of its levels.
You also visited: Sewer.

You collected 38 gold pieces.

Inventory:

Missiles
 m - 5 curare-tipped darts (quivered)
Armour
 a - a +0 leather armour (worn)
Magical Staves
 k - a staff of earth
Jewellery
 g - the ring "Goqickul" (left hand) {rCorr Dex+6}
   (You found it on level 5 of the Dungeon)

   [ring of dexterity]

   Dex:       It affects your dexterity (+6).
   rCorr:     It protects you from acid and corrosion.
Wands
 f - a wand of digging (3)
Scrolls
 b - 3 scrolls of fog
 c - a scroll of magic mapping
 l - a scroll of identify {unknown}
Potions
 e - 2 potions of haste
 i - 3 potions of might


   Skills:
 - Level 2.6 Fighting
 - Level 1.7 Dodging
 - Level 4.5 Stealth
 + Level 4.7 Unarmed Combat


You had 3 spell levels left.
You didn't know any spells.
Your spell library was empty.

Dungeon Overview and Level Annotations

Branches:
Dungeon (5/15)             Temple (0/1) D:5           Sewer (1/1)

Annotations:
D:5 1 transporter


Innate Abilities, Weirdness & Mutations

You have an increased reservoir of magic. (+10% MP)
You shall have no god before yourself.
Your divine heritage dramatically boosts your attributes as you level up.
Your spells are a little harder to cast, but a little more powerful.


Message History

The water moccasin poisons you!
Unknown command.
Unknown command.
You barely miss the water moccasin.
The water moccasin is lightly wounded.
* * * LOW HITPOINT WARNING * * *
You feel sick. The water moccasin bites you.
* * * LOW HITPOINT WARNING * * *
Unknown command.
Unknown command.
Unknown command.
Unknown command.
It was a potion of mutation.
You feel extremely strange.
You feel less in control of your magic.
* * * LOW HITPOINT WARNING * * *
You feel sick. The water moccasin bites you.
* * * LOW HITPOINT WARNING * * *
Unknown command.
Unknown command.
Unknown command.
Unknown command.
You punch the water moccasin!
The water moccasin is moderately wounded.
The water moccasin closely misses you.
Unknown command.
Unknown command.
Unknown command.
Unknown command.
You completely miss the water moccasin.
The water moccasin is moderately wounded.
* * * LOW HITPOINT WARNING * * *
You feel sick.
Unknown command.
Unknown command.
Unknown command.
You closely miss the water moccasin.
The water moccasin is moderately wounded.
* * * LOW HITPOINT WARNING * * *
You feel sick. The water moccasin bites you!
You die...

#.# ####### #.#
##.....## #.#
##...≈...#
#.#######...≈≈≈...
#†.........≈≈≈≈≈.†
#.#######...≈≈≈†..
#.# ##...≈...# #.#
##.....## #@#
####### #..S..#
#.......#
#.......#
#.......#
#.......#
#..$[$..#
##$)!?$##


You could see a water moccasin.

Vanquished Creatures
  An ogre (D:5)
  A hound (D:5)
  9 bats (Sewer)
  2 jackals (D:5)
13 creatures vanquished.

Vanquished Creatures (others)
  2 plants (D:5)
2 creatures vanquished.

Grand Total: 15 creatures vanquished

Notes
Turn   | Place    | Note
-------+----------+-------------------------------------------
     0 | D:5      | drugrobin the Demigod Delver began the quest for the Orb.
     0 | D:5      | Reached XP level 1. HP: 18/18 MP: 3/3
     2 | D:5      | Noticed a small abomination
     5 | D:5      | Noticed an ancient zyme
    16 | D:5      | Identified the ring "Goqickul" {rCorr Dex+6}
    71 | D:5      | Noticed a necrophage
    71 | D:5      | Noticed an iguana
   307 | D:5      | Noticed an ogre
   353 | D:5      | Killed an ogre
   354 | D:5      | Reached XP level 2. HP: 25/25 MP: 4/4
   354 | D:5      | Reached XP level 3. HP: 30/30 MP: 5/5
   354 | D:5      | Reached XP level 4. HP: 37/37 MP: 6/6
   462 | D:5      | Found a transporter.
   464 | D:5      | Found a staircase to the Ecumenical Temple.
   474 | D:5      | Noticed a gnoll sergeant
   514 | D:5      | Found a glowing drain.
   531 | Sewer    | Entered a sewer
   661 | Sewer    | Noticed a water moccasin
   679 | Sewer    | Gained mutation: Your spells are a little harder to cast,
                  | but a little more powerful. [potion of mutation]
   682 | Sewer    | HP: 1/37 [poisoned by a water moccasin]
   682 | Sewer    | Mangled by a water moccasin

Illustrated notes

Levels and vault maps discovered:
D:5:      layout_basic, mainiacjoe_overflow_brackets, lemuel_crystal_altar,
          minmay_temple_entry_overgrown, gammafunk_ghost_abyssal_escape,
          portal_sewer_entry_c, hangedman_abyss_or_decor_stabs
Sewer:    sewer_big_baddie

Skill      XL: |  1 |
---------------+----+-----
Unarmed Combat | 4 |  4.7
Fighting       | |  2.6
Dodging        | |  1.7
Stealth        | |  4.5

Action                   |  1- 3 |  4- 6 || total
-------------------------+-------+-------++-------
Melee: Unarmed           |       |    53 ||    53
Throw: Dart              |     3 |       ||     3
  Use: Potion            |       |     4 ||     4
       Scroll            |       |     1 ||     1
Armor: Leather armour    |       |    23 ||    23
Dodge: Dodged            |       |    51 ||    51

Table legend: (Time is in decaauts)
 A = Elapsed time spent in this place.
 B = Non-inter-level travel time spent in this place.
 C = Inter-level travel time spent in this place.
 D = Time resting spent in this place.
 E = Time spent auto-exploring this place.
 F = Levels seen in this place.
 G = Mean time per level.
                   A        B        C        D        E       F      G
               +--------+--------+--------+--------+--------+-----+--------+
         Total |    673 |    673 |      0 |     63 |     10 |   2 |  336.5 |
       Dungeon |    530 |    530 |      0 |      0 |      5 |   1 |  530.0 |
         Sewer |    143 |    143 |      0 |     63 |      5 |   1 |  143.0 |
               +--------+--------+--------+--------+--------+-----+--------+

Top non-repeatable levels by time:
     D:5: 530 daAuts
   Sewer: 143 daAuts
